3L
BROOKLYN DODGERS @ ECHO PARK LAKERS
08/23/2042
 
TOP OF THE 1ST
Brooklyn Dodgers batting - Pitching for Echo Park Lakers : RHP Karl Dandleton
Pitching: RHP Karl Dandleton
Batting: SHB Koryusai Ohayashi 0-0: Foul Ball, location: 2F
0-1: Ball
1-1: Ball
2-1: Foul Ball, location: 2F
2-2: Foul Ball, location: 2F
2-2: Foul Ball, location: 2F
2-2: Strikes out swinging
Batting: SHB Fa-hsien Tze 0-0: Called Strike
0-1: Called Strike
0-2: Ball
1-2: Ball
2-2: Ball
3-2: Foul Ball, location: 2F
3-2: Ground out 6-3 (Groundball, 6, EV 100.0 MPH)
Batting: LHB Tony Wonder 0-0: Called Strike
0-1: Ball
1-1: Ground out 1-3 (Groundball, 13, EV 72.5 MPH)
Top of the 1st over - 0 runs, 0 hits, 0 errors, 0 left on base; Brooklyn 0 - Echo Park 0
BOTTOM OF THE 1ST
Echo Park Lakers batting - Pitching for Brooklyn Dodgers : RHP Elroy Thompkins
Pitching: RHP Elroy Thompkins
Batting: RHB Joe Mueller 0-0: Ball
1-0: Ball
2-0: Fly out, F8 (Flyball, 8LM, EV 88.1 MPH)
Batting: LHB Joe Schreibvogel 0-0: Foul Ball, location: 2F
0-1: Called Strike
0-2: Ball
1-2: Foul Ball, location: 2F
1-2: SINGLE (Groundball, 34D, EV 95.0 MPH)
Batting: LHB Philip Todd 0-0: Ball
1-0: Ball
2-0: Ball
3-0: Base on Balls
Joe Schreibvogel to second
Batting: LHB Jonathan Winston 0-0: Swinging Strike
0-1: Swinging Strike
0-2: Foul Ball, location: 2F
0-2: Strikes out swinging
Batting: RHB Komotay Koffie 0-0: SINGLE (Line Drive, 78S, EV 92.5 MPH)
Joe Schreibvogel to third
Philip Todd to second
Runner from 3rd tries for Home, SAFE, throw by CF to home
Batting: RHB Maema Njongmeta 0-0: Fielders Choice at 2nd, 6-4 (Groundball, 6, EV 86.2 MPH)
Bottom of the 1st over - 1 run, 2 hits, 0 errors, 2 left on base; Brooklyn 0 - Echo Park 1
TOP OF THE 2ND
Brooklyn Dodgers batting - Pitching for Echo Park Lakers : RHP Karl Dandleton
Batting: LHB Richello Mabait 0-0: Ball
1-0: Foul Ball, location: 2F
1-1: Ball
2-1: Foul Ball, location: 2F
2-2: Ball
3-2: Base on Balls
Batting: RHB Carlos Mu嚧z 0-0: Ball
1-0: Fly out, F8 (Flyball, 8RXD, EV 98.1 MPH)
Batting: RHB 聲gel Saelices 0-0: Called Strike
0-1: Grounds into double play, 5-4-3 (Groundball, 5, EV 99.4 MPH)
Top of the 2nd over - 0 runs, 0 hits, 0 errors, 0 left on base; Brooklyn 0 - Echo Park 1
BOTTOM OF THE 2ND
Echo Park Lakers batting - Pitching for Brooklyn Dodgers : RHP Elroy Thompkins
Batting: LHB Ben Bullock 0-0: Ball
1-0: Foul Ball, location: 2F
1-1: Foul Ball, location: 2F
1-2: Foul Ball, location: 2F
1-2: Ball
2-2: Ball
3-2: Base on Balls
Batting: RHB Tony Calhoun 0-0: Ball
1-0: Called Strike
Ben Bullock steals 2nd base
1-1: SINGLE (Groundball, 4MD, EV 96.2 MPH)
Ben Bullock to third
Runner from 3rd tries for Home, SAFE, no throw by CF
Batting: LHB Hai-feng Tang 0-0: Ball
1-0: Swinging Strike
1-1: Fly out, F8 (Flyball, 8LS, EV 88.1 MPH)
Batting: RHB Joe Mueller 0-0: Called Strike
0-1: Ball
1-1: Called Strike
1-2: SINGLE (Groundball, 6MD, EV 94.4 MPH)
Tony Calhoun to second
Runner from 2nd tries for 3rd, SAFE, throw by CF made to third
Batting: LHB Joe Schreibvogel 0-0: Ball
Joe Mueller is caught stealing 2nd base 2-6
1-0: Called Strike
1-1: Fly out, F9 (Flyball, 9S, EV 96.2 MPH)
Bottom of the 2nd over - 1 run, 2 hits, 0 errors, 1 left on base; Brooklyn 0 - Echo Park 2
TOP OF THE 3RD
Brooklyn Dodgers batting - Pitching for Echo Park Lakers : RHP Karl Dandleton
Batting: LHB Jung-joon Yi 0-0: Ball
1-0: Called Strike
1-1: Foul Ball, location: 2F
1-2: Strikes out looking
Batting: LHB Tim Stinson 0-0: Called Strike
0-1: Swinging Strike
0-2: Fly out, F8 (Flyball, 8RS, EV 71.2 MPH)
Batting: RHB Joey Trifone 0-0: Ball
1-0: SINGLE (Line Drive, 4MD, EV 97.5 MPH)
Batting: SHB Koryusai Ohayashi 0-0: Ball
1-0: Ball
2-0: Called Strike
2-1: TRIPLE (Line Drive, 89XD, EV 103.8 MPH)
Joey Trifone scores
Batting: SHB Fa-hsien Tze 0-0: Ground out 4-3 (Groundball, 4, EV 79.4 MPH)
Top of the 3rd over - 1 run, 2 hits, 0 errors, 1 left on base; Brooklyn 1 - Echo Park 2
BOTTOM OF THE 3RD
Echo Park Lakers batting - Pitching for Brooklyn Dodgers : RHP Elroy Thompkins
Batting: LHB Philip Todd 0-0: Called Strike
0-1: Fly out, F8 (Flyball, 8RM, EV 80.6 MPH)
Batting: LHB Jonathan Winston 0-0: Ground out 1-3 (Groundball, 34S, EV 83.1 MPH)
Batting: RHB Komotay Koffie 0-0: Called Strike
0-1: Foul Ball, location: 2F
0-2: Strikes out looking
Bottom of the 3rd over - 0 runs, 0 hits, 0 errors, 0 left on base; Brooklyn 1 - Echo Park 2
TOP OF THE 4TH
Brooklyn Dodgers batting - Pitching for Echo Park Lakers : RHP Karl Dandleton
Batting: LHB Tony Wonder 0-0: Foul Ball, location: 2F
0-1: Fly out, F8 (Flyball, 8LM, EV 89.4 MPH)
Batting: LHB Richello Mabait 0-0: Ball
1-0: Foul Ball, location: 2F
1-1: Called Strike
1-2: Foul Ball, location: 2F
1-2: Ground out 6-3 (Groundball, 6, EV 87.5 MPH)
Batting: RHB Carlos Mu嚧z 0-0: Called Strike
0-1: Foul Ball, location: 2F
0-2: Ball
1-2: Fly out, F9 (Flyball, 89S, EV 79.4 MPH)
Top of the 4th over - 0 runs, 0 hits, 0 errors, 0 left on base; Brooklyn 1 - Echo Park 2
BOTTOM OF THE 4TH
Echo Park Lakers batting - Pitching for Brooklyn Dodgers : RHP Elroy Thompkins
Batting: RHB Maema Njongmeta 0-0: Ball
1-0: Foul Ball, location: 2F
1-1: Ball
2-1: Swinging Strike
2-2: Foul Ball, location: 2F
2-2: Ground out U3 (Groundball, 34, EV 86.9 MPH)
Batting: LHB Ben Bullock 0-0: Ball
1-0: Ball
2-0: Fly out, F5 (Popup, 56, EV 70.0 MPH)
Batting: RHB Tony Calhoun 0-0: DOUBLE (Line Drive, 5D, EV 99.4 MPH)
Batting: LHB Hai-feng Tang 0-0: Fly out, F5 (Popup, 56S, EV 85.0 MPH)
Bottom of the 4th over - 0 runs, 1 hit, 0 errors, 1 left on base; Brooklyn 1 - Echo Park 2
TOP OF THE 5TH
Brooklyn Dodgers batting - Pitching for Echo Park Lakers : RHP Karl Dandleton
Batting: RHB 聲gel Saelices 0-0: Called Strike
0-1: Ball
1-1: Ball
2-1: Called Strike
2-2: Foul Ball, location: 2F
2-2: Ball
3-2: Fly out, F8 (Line Drive, 8RD, EV 88.8 MPH)
Batting: LHB Jung-joon Yi 0-0: Ball
1-0: Ground out 3-1 (Groundball, 34, EV 85.0 MPH)
Batting: LHB Tim Stinson 0-0: Ball
1-0: Ball
2-0: Called Strike
2-1: Foul Ball, location: 2F
2-2: Ground out 4-3 (Groundball, 34, EV 84.4 MPH)
Top of the 5th over - 0 runs, 0 hits, 0 errors, 0 left on base; Brooklyn 1 - Echo Park 2
BOTTOM OF THE 5TH
Echo Park Lakers batting - Pitching for Brooklyn Dodgers : RHP Elroy Thompkins
Batting: RHB Joe Mueller 0-0: Foul Ball, location: 2F
0-1: Ground out 6-3 (Groundball, 6, EV 81.2 MPH)
Batting: LHB Joe Schreibvogel 0-0: SINGLE (Groundball, 4MD, EV 99.4 MPH)
Batting: LHB Philip Todd 0-0: Called Strike
0-1: Ball
1-1: Foul Ball, location: 2F
1-2: Foul Ball, location: 2F
1-2: Foul Ball, location: 2F
1-2: Strikes out looking
Batting: LHB Jonathan Winston 0-0: Ball
1-0: DOUBLE (Flyball, 89XD, EV 96.2 MPH)
Joe Schreibvogel to third
Batting: RHB Komotay Koffie 0-0: Ball
1-0: Ground out 5-3 (Groundball, 5, EV 80.6 MPH)
Bottom of the 5th over - 0 runs, 2 hits, 0 errors, 2 left on base; Brooklyn 1 - Echo Park 2
TOP OF THE 6TH
Brooklyn Dodgers batting - Pitching for Echo Park Lakers : RHP Karl Dandleton
Batting: RHB Joey Trifone 0-0: Foul Ball, location: 2F
0-1: Ball
1-1: Fly out, F4 (Line Drive, 4, EV 71.2 MPH)
Batting: SHB Koryusai Ohayashi 0-0: Called Strike
0-1: Ball
1-1: SINGLE (Line Drive, 8RS, EV 94.4 MPH)
Batting: SHB Fa-hsien Tze 0-0: Called Strike
Koryusai Ohayashi steals 2nd, throwing error, E2
Koryusai Ohayashi to third
0-1: Ground out 1-3 (Groundball, P, EV 90.6 MPH)
Pitching: RHP Chun-mei Bao
Batting: LHB Tony Wonder 0-0: Ball
1-0: Swinging Strike
1-1: Swinging Strike
1-2: Ball
2-2: Foul Ball, location: 2F
2-2: Ball
3-2: Base on Balls
Batting: LHB Richello Mabait 0-0: Ball
1-0: Foul Ball, location: 2F
1-1: Swinging Strike
1-2: Ball
2-2: Ball
Wild Pitch!
Koryusai Ohayashi scores
Tony Wonder to second
3-2: Base on Balls
Batting: RHB Carlos Mu嚧z 0-0: Swinging Strike
0-1: Swinging Strike
0-2: Ball
1-2: Ball
2-2: Strikes out looking
Top of the 6th over - 1 run, 1 hit, 1 error, 2 left on base; Brooklyn 2 - Echo Park 2
BOTTOM OF THE 6TH
Echo Park Lakers batting - Pitching for Brooklyn Dodgers : RHP Elroy Thompkins
Batting: RHB Maema Njongmeta 0-0: Called Strike
0-1: Ground out 5-3 (Groundball, 56S, EV 68.1 MPH)
Batting: LHB Ben Bullock 0-0: Ground out 4-3 (Groundball, 34D, EV 103.8 MPH)
Batting: RHB Tony Calhoun 0-0: Ball
1-0: Called Strike
1-1: Swinging Strike
1-2: Ball
2-2: Foul Ball, location: 2F
2-2: SINGLE (Groundball, 6MD, EV 96.9 MPH)
Batting: LHB Hai-feng Tang 0-0: Ball
Tony Calhoun steals 2nd base
1-0: Swinging Strike
1-1: Ball
2-1: Foul Ball, location: 2F
2-2: Ball
3-2: Fly out, F9 (Flyball, 89M, EV 91.2 MPH)
Bottom of the 6th over - 0 runs, 1 hit, 0 errors, 1 left on base; Brooklyn 2 - Echo Park 2
TOP OF THE 7TH
Brooklyn Dodgers batting - Pitching for Echo Park Lakers : RHP Chun-mei Bao
Batting: RHB 聲gel Saelices 0-0: Called Strike
0-1: Foul Ball, location: 2F
0-2: Ball
1-2: Strikes out looking
Batting: LHB Jung-joon Yi 0-0: Swinging Strike
0-1: Foul Ball, location: 2F
0-2: Ball
1-2: Strikes out looking
Batting: LHB Tim Stinson 0-0: Called Strike
0-1: Ball
1-1: Swinging Strike
1-2: Foul Ball, location: 2F
1-2: SINGLE (Line Drive, 34, EV 101.2 MPH)
Pitching: RHP Craig Wash
Batting: RHB Joey Trifone 0-0: Foul Ball, location: 2F
0-1: Called Strike
0-2: Foul Ball, location: 2F
0-2: Foul Ball, location: 2F
0-2: Foul Ball, location: 2F
0-2: Foul Ball, location: 2F
0-2: Hit by Pitch
Tim Stinson to second
Batting: SHB Koryusai Ohayashi 0-0: Called Strike
0-1: Ball
1-1: Ball
2-1: Foul Ball, location: 2F
2-2: Ball
3-2: Ground out 6-3 (Groundball, 56, EV 86.9 MPH)
Top of the 7th over - 0 runs, 1 hit, 0 errors, 2 left on base; Brooklyn 2 - Echo Park 2
BOTTOM OF THE 7TH
Echo Park Lakers batting - Pitching for Brooklyn Dodgers : RHP Elroy Thompkins
Batting: RHB Joe Mueller 0-0: Ball
1-0: Ball
2-0: Ground out 6-3 (Groundball, 6, EV 100.0 MPH)
Batting: LHB Joe Schreibvogel 0-0: Reached on error, E9 (Line Drive, 9D, EV 108.8 MPH)
Batting: LHB Philip Todd 0-0: Called Strike
0-1: Foul Ball, location: 2F
0-2: Ball
1-2: Foul Ball, location: 2F
1-2: Strikes out swinging
Batting: LHB Jonathan Winston 0-0: Called Strike
0-1: Ground out 2-3 (Groundball, 15S, EV 73.1 MPH)
Bottom of the 7th over - 0 runs, 0 hits, 1 error, 1 left on base; Brooklyn 2 - Echo Park 2
TOP OF THE 8TH
Brooklyn Dodgers batting - Pitching for Echo Park Lakers : RHP Craig Wash
Batting: SHB Fa-hsien Tze 0-0: Ground out 6-3 (Groundball, 6, EV 108.8 MPH)
Batting: LHB Tony Wonder 0-0: Called Strike
0-1: SINGLE (Line Drive, 56D, EV 105.6 MPH)
Batting: LHB Richello Mabait 0-0: Called Strike
Tony Wonder steals 2nd base (no throw)
0-1: Foul Ball, location: 2F
0-2: Ball
1-2: Fly out, F7 (Flyball, 7, EV 88.8 MPH)
Pitching: LHP Onson Sweemey
Batting: RHB Carlos Mu嚧z 0-0: Called Strike
0-1: Called Strike
0-2: Ball
1-2: Fly out, F8 (Flyball, 8RD, EV 78.1 MPH)
Top of the 8th over - 0 runs, 1 hit, 0 errors, 1 left on base; Brooklyn 2 - Echo Park 2
BOTTOM OF THE 8TH
Echo Park Lakers batting - Pitching for Brooklyn Dodgers : RHP Elroy Thompkins
Batting: RHB Komotay Koffie 0-0: Foul Ball, location: 2F
0-1: Called Strike
0-2: Ball
1-2: Strikes out looking
Batting: RHB Maema Njongmeta 0-0: Foul Ball, location: 2F
0-1: Foul Ball, location: 2F
0-2: Ball
1-2: Ball
2-2: Ball
3-2: Strikes out swinging
Batting: LHB Ben Bullock 0-0: Ball
1-0: Called Strike
1-1: Ground out U3 (Groundball, 3, EV 106.9 MPH)
Bottom of the 8th over - 0 runs, 0 hits, 0 errors, 0 left on base; Brooklyn 2 - Echo Park 2
TOP OF THE 9TH
Brooklyn Dodgers batting - Pitching for Echo Park Lakers : LHP Onson Sweemey
Batting: RHB 聲gel Saelices 0-0: Called Strike
0-1: Ball
1-1: Swinging Strike
1-2: Ball
2-2: Strikes out swinging
Pinch Hitting: RHB Bill Chaundler 0-0: Fly out, F9 (Flyball, 9S, EV 84.4 MPH)
Pinch Hitting: RHB Quindarious Monday 0-0: Ball
1-0: Ball
2-0: Called Strike
2-1: SINGLE (Flyball, 5D, EV 87.5 MPH)
Batting: RHB Joey Trifone 0-0: Ball
Wild Pitch!
Quindarious Monday to second
1-0: Called Strike
1-1: Ball
2-1: Ball
3-1: Called Strike
3-2: Foul Ball, location: 2F
3-2: Base on Balls
Batting: SHB Koryusai Ohayashi 0-0: Called Strike
0-1: Foul Ball, location: 2F
0-2: Strikes out swinging
Top of the 9th over - 0 runs, 1 hit, 0 errors, 2 left on base; Brooklyn 2 - Echo Park 2
BOTTOM OF THE 9TH
Echo Park Lakers batting - Pitching for Brooklyn Dodgers : RHP Elroy Thompkins
Pitching: RHP Corbin Holling
Now at C: Steve Pugh
Now at 2B: Quindarious Monday
Batting: RHB Tony Calhoun 0-0: Foul Ball, location: 2F
0-1: SINGLE (Flyball, 8LS, EV 88.1 MPH)
Batting: LHB Hai-feng Tang 0-0: Called Strike
Tony Calhoun steals 2nd base
0-1: Ball
1-1: Bunted foul
1-2: Strikes out swinging
Batting: RHB Joe Mueller 0-0: Ball
Tony Calhoun is caught stealing 3rd base 2-5
1-0: Called Strike
1-1: Ball
2-1: Foul Ball, location: 2F
2-2: Foul Ball, location: 2F
2-2: Foul Ball, location: 2F
2-2: Strikes out swinging
Bottom of the 9th over - 0 runs, 1 hit, 0 errors, 0 left on base; Brooklyn 2 - Echo Park 2
TOP OF THE 10TH
Brooklyn Dodgers batting - Pitching for Echo Park Lakers : LHP Onson Sweemey
Pitching: RHP Bungay Osiman
Batting: SHB Fa-hsien Tze 0-0: Called Strike
0-1: Swinging Strike
0-2: Ball
1-2: Fly out, F8 (Flyball, 8LS, EV 92.5 MPH)
Batting: LHB Tony Wonder 0-0: Ball
1-0: Ball
2-0: Ball
3-0: Base on Balls
Batting: LHB Richello Mabait 0-0: Called Strike
Tony Wonder is caught stealing 2nd base 2-6
0-1: Called Strike
0-2: Strikes out swinging
Top of the 10th over - 0 runs, 0 hits, 0 errors, 0 left on base; Brooklyn 2 - Echo Park 2
BOTTOM OF THE 10TH
Echo Park Lakers batting - Pitching for Brooklyn Dodgers : RHP Corbin Holling
Pitching: RHP Tom DeHart
Batting: LHB Joe Schreibvogel 0-0: Ball
1-0: Fly out, F8 (Flyball, 8RD, EV 87.5 MPH)
Batting: LHB Philip Todd 0-0: Swinging Strike
0-1: Ball
1-1: Ground out 4-3 (Groundball, 4, EV 87.5 MPH)
Batting: LHB Jonathan Winston 0-0: Ball
1-0: Foul Ball, location: 2F
1-1: Foul Ball, location: 2F
1-2: SINGLE (Groundball, 4M, EV 101.2 MPH) (infield hit)
Batting: RHB Komotay Koffie 0-0: Called Strike
0-1: Called Strike
0-2: Ball
1-2: Ball
2-2: SINGLE (Line Drive, 5D, EV 108.8 MPH)
Jonathan Winston to second
Batting: RHB Maema Njongmeta 0-0: Foul Ball, location: 2F
0-1: Swinging Strike
0-2: Strikes out swinging
Bottom of the 10th over - 0 runs, 2 hits, 0 errors, 2 left on base; Brooklyn 2 - Echo Park 2
TOP OF THE 11TH
Brooklyn Dodgers batting - Pitching for Echo Park Lakers : RHP Bungay Osiman
Pitching: RHP Silverberry Mouhon
Batting: RHB Carlos Mu嚧z 0-0: Ball
1-0: Ball
2-0: Reached on error, E3 (Groundball, 34, EV 83.8 MPH)
Batting: RHB 聲gel Saelices 0-0: Swinging Strike
0-1: Foul Ball, location: 2F
0-2: Strikes out swinging
Batting: RHB Steve Pugh 0-0: Foul Ball, location: 2F
0-1: Foul Ball, location: 2F
0-2: Fly out, F8 (Flyball, 8LS, EV 86.9 MPH)
Batting: RHB Quindarious Monday 0-0: Swinging Strike
0-1: Ball
1-1: Ball
2-1: Foul Ball, location: 2F
2-2: Strikes out swinging
Top of the 11th over - 0 runs, 0 hits, 1 error, 1 left on base; Brooklyn 2 - Echo Park 2
BOTTOM OF THE 11TH
Echo Park Lakers batting - Pitching for Brooklyn Dodgers : RHP Tom DeHart
Batting: LHB Ben Bullock 0-0: Swinging Strike
0-1: Ground out 4-3 (Groundball, 4D, EV 109.4 MPH)
Batting: RHB Tony Calhoun 0-0: Ball
1-0: Ball
2-0: Called Strike
2-1: Ground out 6-3 (Groundball, 6, EV 95.0 MPH)
Batting: LHB Hai-feng Tang 0-0: Ball
1-0: Ball
2-0: Called Strike
2-1: Foul Ball, location: 2F
2-2: Foul Ball, location: 2F
2-2: Foul Ball, location: 2F
2-2: Ball
3-2: Ground out 4-3 (Groundball, 4, EV 101.2 MPH)
Bottom of the 11th over - 0 runs, 0 hits, 0 errors, 0 left on base; Brooklyn 2 - Echo Park 2
TOP OF THE 12TH
Brooklyn Dodgers batting - Pitching for Echo Park Lakers : RHP Silverberry Mouhon
Batting: RHB Joey Trifone 0-0: Called Strike
0-1: Called Strike
0-2: Ball
1-2: SINGLE (Flyball, 89S, EV 83.8 MPH)
Batting: SHB Koryusai Ohayashi 0-0: Bunted foul
0-1: Sac Bunt to 15 - play at first, batter OUT! 1-4
Joey Trifone to second
Batting: SHB Fa-hsien Tze 0-0: Ground out U3 (Groundball, 3, EV 83.1 MPH)
Joey Trifone to third
Batting: LHB Tony Wonder 0-0: Intentional Walk
Batting: LHB Richello Mabait 0-0: Ball
1-0: Foul Ball, location: 2F
1-1: Ball
2-1: Foul Ball, location: 2F
2-2: Foul Ball, location: 2F
2-2: Foul Ball, location: 2F
2-2: Foul Ball, location: 2F
2-2: Fly out, F5 (Popup, 15, EV 70.6 MPH)
Top of the 12th over - 0 runs, 1 hit, 0 errors, 2 left on base; Brooklyn 2 - Echo Park 2
BOTTOM OF THE 12TH
Echo Park Lakers batting - Pitching for Brooklyn Dodgers : RHP Tom DeHart
Pitching: RHP Maverick Handley
Batting: RHB Joe Mueller 0-0: Ball
1-0: Ground out 1-3 (Groundball, 15, EV 86.2 MPH)
Batting: LHB Joe Schreibvogel 0-0: Called Strike
0-1: Foul Ball, location: 2F
0-2: Foul Ball, location: 2F
0-2: Ball
1-2: Foul Ball, location: 2F
1-2: Foul Ball, location: 2F
1-2: Foul Ball, location: 2F
1-2: Fly out, F6 (Popup, 6MD, EV 71.2 MPH)
Batting: LHB Philip Todd 0-0: Ball
1-0: Fly out, F8 (Flyball, 8RM, EV 93.1 MPH)
Bottom of the 12th over - 0 runs, 0 hits, 0 errors, 0 left on base; Brooklyn 2 - Echo Park 2
TOP OF THE 13TH
Brooklyn Dodgers batting - Pitching for Echo Park Lakers : RHP Silverberry Mouhon
Batting: RHB Carlos Mu嚧z 0-0: Called Strike
0-1: Called Strike
0-2: Ball
1-2: Ball
2-2: Strikes out swinging
Pitching: RHP Francisco Esposo
Batting: RHB 聲gel Saelices 0-0: Ball
1-0: Foul Ball, location: 2F
1-1: Ball
2-1: Ball
3-1: Base on Balls
Batting: RHB Steve Pugh 0-0: Called Strike
0-1: Foul Ball, location: 2F
0-2: SINGLE (Line Drive, 89M, EV 93.1 MPH)
聲gel Saelices to second
Batting: RHB Quindarious Monday 0-0: Called Strike
0-1: Ball
1-1: Called Strike
1-2: Strikes out swinging
Batting: RHB Joey Trifone 0-0: Hit by Pitch
聲gel Saelices to third
Steve Pugh to second
Pinch Runner at 1st Phil McCroskey:
Batting: SHB Koryusai Ohayashi 0-0: Ball
1-0: Ball
2-0: Swinging Strike
2-1: Foul Ball, location: 2F
2-2: Ball
3-2: Foul Ball, location: 2F
3-2: Base on Balls
聲gel Saelices scores
Steve Pugh to third
Phil McCroskey to second
Batting: SHB Fa-hsien Tze 0-0: Ball
1-0: Fly out, F7 (Flyball, 7S, EV 88.1 MPH)
Top of the 13th over - 1 run, 1 hit, 0 errors, 3 left on base; Brooklyn 3 - Echo Park 2
BOTTOM OF THE 13TH
Echo Park Lakers batting - Pitching for Brooklyn Dodgers : RHP Maverick Handley
Now in LF: Phil McCroskey
Batting: LHB Jonathan Winston 0-0: Ball
1-0: Swinging Strike
1-1: Swinging Strike
1-2: Strikes out swinging
Batting: RHB Komotay Koffie 0-0: Called Strike
0-1: Called Strike
0-2: Ball
1-2: Ball
2-2: Fly out, F8 (Line Drive, 8RM, EV 90.0 MPH)
Batting: RHB Maema Njongmeta 0-0: Ground out 6-3 (Groundball, 6M, EV 88.1 MPH)
Bottom of the 13th over - 0 runs, 0 hits, 0 errors, 0 left on base; Brooklyn 3 - Echo Park 2
Friday, March 26th, 2021 - OOTP Baseball 20.8 Build 74